 Dungeon Crawl Stone Soup version 0.30-a0-591-g3c58d2bc28 (webtiles) character file.

Game seed: 1732210127710484287

14 flotson the Sneak (level 2, -2/24 HPs)
             Began as a Demonspawn Delver on Jan 5, 2023.
             Succumbed to a water moccasin's poison
             ... in a sewer.
             The game lasted 00:01:57 (236 turns).

flotson the Sneak (Demonspawn Delver)                Turns: 236, Time: 00:01:58

Health: -2/24      AC:  8    Str: 12    XL:     2   Next: 31%
Magic:  2/2        EV:  5    Int: 11    God:
Gold:   6          SH:  0    Dex: 14    Spells: 1/1 levels left

rFire   . . .      SeeInvis .    a - +0 hand axe
rCold   . . .      Faith    .    (no shield)
rNeg    . . .      Spirit   .    k - +0 chain mail
rPois   .          Reflect  .    (no helmet)
rElec   .          Harm     .    (no cloak)
rCorr   .          Rampage  .    (no gloves)
Will    .....                    (no boots) Stlth
                                 (no amulet)
HPRegen 0.24/turn                (no ring)
MPRegen 0.08/turn                (no ring)

@: lethally poisoned (-2 -> -13), hasted, very quick
A: powered by death 1
a: no special abilities


You were in a sewer.
You visited 1 branch of the dungeon, and saw 3 of its levels.
You also visited: Sewer.

You collected 6 gold pieces.

Inventory:

Hand Weapons
 a - a +0 hand axe (weapon)
 b - a +0 shortbow
Armour
 k - a +0 chain mail (worn)
Wands
 g - a wand of digging (3)
Scrolls
 c - a scroll of fog
Potions
 f - 2 potions of haste


   Skills:
 + Level 3.1 Fighting
 + Level 2.0 Axes
 + Level 0.4 Armour
 + Level 1.9 Dodging
 + Level 4.6 Stealth
 + Level 0.6 Evocations


You had one spell level left.
You didn't know any spells.
Your spell library was empty.

Dungeon Overview and Level Annotations

Branches:
Dungeon (5/15)              Sewer (1/1)
 Temple: D:4-7

Altars:

Annotations:
D:5 2 transporters, GiantSquids's ghost, amateur OpTm


Innate Abilities, Weirdness & Mutations

You regenerate a little health from kills.


Message History

The water moccasin bites you but does no damage.
The water moccasin barely misses you.
Fire: b) +0 shortbow
Press: ? - help, Q - select action Shift-Dir - straight line, f - water moccasin
Aim: a water moccasin (40% to hit)
You shoot an arrow.
The arrow closely misses the water moccasin.
You feel very sick.
The water moccasin completely misses you.
The water moccasin barely misses you.
It was a potion of heal wounds.
You feel much better.
You feel sick.
The water moccasin bites you but does no damage.
Unknown command.
Okay, then.
Unknown command.
a - a +0 hand axe (weapon)
The water moccasin bites you!
You hit the water moccasin.
The water moccasin is lightly wounded.
You feel sick. The water moccasin barely misses you.
You barely miss the water moccasin.
The water moccasin is lightly wounded.
You feel sick.
The water moccasin bites you but does no damage.
You hit the water moccasin.
The water moccasin is lightly wounded.
You feel sick. The water moccasin bites you.
* * * LOW HITPOINT WARNING * * *
You are lethally poisoned!
The water moccasin poisons you!
You closely miss the water moccasin.
The water moccasin is lightly wounded.
* * * LOW HITPOINT WARNING * * *
You feel sick.
The water moccasin bites you but does no damage.
The water moccasin bites you.
* * * LOW HITPOINT WARNING * * *
You hit the water moccasin.
The water moccasin is lightly wounded.
You die...

$[#. .#~#
#...
##.~~##
#~..~~#
~.~.##
#.S.#
#@.##
#~~.#
##..# #.
#~.# #..
#~.# #..#
##~.# #..~
#~..#
#~~###~.##
#.~.#...#


You could see a water moccasin.

Vanquished Creatures
  A dart slug (D:3)
  An orc (D:3)
  3 ball pythons
  An endoplasm (D:3)
  3 jackals (Sewer)
  A frilled lizard (D:3)
  A rat (D:3)
11 creatures vanquished.

Notes
Turn   | Place    | Note
-------+----------+-------------------------------------------
     0 | D:5      | flotson the Demonspawn Delver began the quest for the Orb.
     0 | D:5      | Reached XP level 1. HP: 18/18 MP: 1/1
    14 | D:5      | Noticed an orc wizard
    23 | D:5      | Found a transporter.
    30 | D:5      | Found a transporter.
    30 | D:5      | Noticed GiantSquids's ghost (amateur OpTm)
    34 | D:5      | Noticed an ogre
    34 | D:5      | Noticed an orc warrior
    34 | D:5      | Noticed a black bear
   111 | D:4      | Noticed an orc warrior
   111 | D:4      | Noticed a centaur
   111 | D:4      | Noticed an ogre
   156 | D:3      | Gained mutation: You regenerate a little health from kills.
                  | [demonic ancestry]
   156 | D:3      | Reached XP level 2. HP: 22/24 MP: 2/2
   163 | D:3      | Found a glowing drain.
   178 | Sewer    | Entered a sewer
   219 | Sewer    | Noticed a water moccasin
   235 | Sewer    | HP: 1/24 [water moccasin (4)]
   236 | Sewer    | Succumbed to a water moccasin's poison

Illustrated notes

Levels and vault maps discovered:
D:3:      layout_rooms, mainiacjoe_overflow_catwalk_spiral,
          portal_sewer_entry_b, small_statue_alley_b
D:4:      layout_loops_ring, lemuel_temple_firewalk_b, minmay_strange_pillars,
          lightli_corner_chamber
D:5:      layout_rooms, gammafunk_ghost_arena, grunt_ministairs_10,
          nicolae_kite_square_tiling_tiny, uniq_duvessa
Sewer:    sewer_the_moccasin

Skill      XL: |  1  2 |
---------------+-------+-----
Axes           | 2 |  2.0
Fighting       | |  3.1
Armour         | |  0.4
Dodging        | |  1.9
Stealth        | |  4.6
Evocations     | |  0.6

Action                   || total
-------------------------++-------
Melee: Hand axe          ||     5
 Fire: Shortbow          ||    37
  Use: Scroll            ||     2
       Potion            ||     3
Armor: Chain mail        ||    41
Dodge: Dodged            ||    12

Table legend: (Time is in decaauts)
 A = Elapsed time spent in this place.
 B = Non-inter-level travel time spent in this place.
 C = Inter-level travel time spent in this place.
 D = Time resting spent in this place.
 E = Time spent auto-exploring this place.
 F = Levels seen in this place.
 G = Mean time per level.
                   A        B        C        D        E       F      G
               +--------+--------+--------+--------+--------+-----+--------+
         Total |    277 |    272 |      5 |      0 |     81 |   4 |   69.2 |
       Dungeon |    206 |    201 |      5 |      0 |     46 |   3 |   68.7 |
         Sewer |     71 |     71 |      0 |      0 |     35 |   1 |   71.0 |
               +--------+--------+--------+--------+--------+-----+--------+

Top non-repeatable levels by time:
     D:3: 79 daAuts
     D:4: 76 daAuts
   Sewer: 71 daAuts
     D:5: 50 daAuts
